 Dungeon Crawl Stone Soup version 0.28-a0-233-gb8ca4b6547 (webtiles) character file.

Game seed: 10704567981432739712

51 Smaepdii the Firebug (level 3, 0/19 HPs)
             Began as a Gargoyle Fire Elementalist on Aug 22, 2021.
             Slain by a black bear (3 damage)
             ... on level 2 of the Dungeon.
             The game lasted 00:08:19 (1913 turns).

Smaepdii the Firebug (Gargoyle Fire Elementalist)   Turns: 1913, Time: 00:08:20

Health: 0/19       AC:  5    Str: 11    XL:     3   Next: 81%
Magic:  2/6        EV: 11    Int: 16    God:
Gold:   87         SH:  0    Dex: 10    Spells: 5/6 levels left

rFire   . . .      SeeInvis .   l - +2 long sword (vamp)
rCold   + . .      Faith    .   (no shield)
rNeg    + . .      Spirit   .   a - +0 robe
rPois   ∞          Reflect  .   (no helmet)
rElec   +          Harm     .   (no cloak)
rCorr   .          Rampage  .   (no gloves)
Will    .....                   (no boots)
Stlth   ++........              (no amulet)
HPRegen 0.06/turn               e - ring of protection from cold
MPRegen 0.10/turn               (no ring)

@: no status effects
A: sickness immunity, AC +3, negative energy resistance 1, electricity
resistance, torment resistance 1, petrification resistance
a: no special abilities


You were on level 2 of the Dungeon.
You visited 1 branch of the dungeon, and saw 2 of its levels.

You collected 87 gold pieces.

Inventory:

Hand Weapons
 l - a +2 vampiric long sword (weapon)
Armour
 a - a +0 robe (worn)
Jewellery
 e - a ring of protection from cold (left hand)
Scrolls
 b - 2 scrolls of identify {unknown}
 c - a scroll of immolation {unknown}
 d - a scroll of fear {unknown}
 f - a scroll of vulnerability {unknown}
 g - 2 scrolls of noise {unknown}
 j - a scroll of teleportation {unknown}
 k - a scroll of magic mapping {unknown}
Potions
 h - a potion of degeneration {unknown}
 i - a potion of curing {unknown}


   Skills:
 - Level 1.5 Dodging
 - Level 2.1 Stealth
 - Level 2.0 Spellcasting
 + Level 2.8 Conjurations
 + Level 3.8 Fire Magic


You had 5 spell levels left.
You knew the following spells:

 Your Spells              Type           Power      Damage    Failure   Level
a - Foxfire               Conj/Fire      48%        2x1d6     5%          1

Your spell library contained the following spells:

 Spells                   Type           Power      Damage    Failure   Level
 Conjure Flame            Conj/Fire      12%        6-21      16%         3
 Inner Flame              Hex/Fire       7%         N/A       28%         3
 Sticky Flame             Conj/Fire      12%        2d4       45%         4
 Fireball                 Conj/Fire      6%         3d5       82%         5


Dungeon Overview and Level Annotations

Branches:
Dungeon (2/15)

Altars:

Shops:
D:1 (


Innate Abilities, Weirdness & Mutations

You are immune to sickness and miasma.
Your stone body is resilient. (AC +3)
You are immune to poison.
You resist negative energy. (rN+)
You are resistant to electric shocks. (rElec)
You are resistant to unholy torment.
You are immune to petrification.


Message History

You conjure some foxfire!
The foxfire hits the black bear.
The black bear is moderately wounded.
Your foxfire dissipates!
Casting: Foxfire (safe; 5% risk of failure)
Press: ? - help, Q - select action Dir - look around, f - activate You conjure some foxfire!
The foxfire hits the black bear.
The black bear is heavily wounded.
Casting: Foxfire (safe; 5% risk of failure)
Press: ? - help, Q - select action Dir - look around, f - activate You conjure some foxfire!
The foxfire hits the black bear but does no damage.
The black bear is moderately wounded.
The foxfire hits the black bear.
The black bear is heavily wounded.
Casting: Foxfire (safe; 5% risk of failure)
Press: ? - help, Q - select action Dir - look around, f - activate You conjure some foxfire!
The foxfire hits the black bear.
The black bear is severely wounded.
The foxfire hits the black bear.
The black bear is severely wounded.
You hit the black bear.
The black bear is almost dead.
The black bear bites you. The black bear claws you.
The black bear barely misses you.
The black bear goes berserk!
You barely miss the black bear.
The black bear is severely wounded.
The black bear bites you. The black bear barely misses you.
The black bear claws you.
* * * LOW HITPOINT WARNING * * *
The black bear bites you.
* * * LOW HITPOINT WARNING * * *
The black bear closely misses you.
The black bear claws you but does no damage.
A bat comes into view.
The black bear bites you but does no damage.
The black bear claws you.
You die...

...### #.#...#....... #..#....
...'.# #.#...#......#####..#....
...#.# #.#...#.........##..#....
...#.####.#...#.#'##.##.#...#....
<..#......#......b...##r#........
...########..##.#.#####.#.##.##.#
...##...........#.#.............#
...##.########)÷#.##+##.#.##....#
...... #....@h....#.#.......#
#..... #.#...r....#h..†.....#
#.#### #.#........#........## #.#
#.#.................+.
#.#.....#####.......## #.'.....#
#.......# ###.....# #.......#
####### #.......## #.........


You could see a black bear (berserk), a bat and a rat.

Vanquished Creatures
  An adder (D:2)
  A dart slug (D:2)
  3 ball pythons
  5 endoplasms (D:1)
  A giant cockroach (D:1)
  4 goblins
  5 hobgoblins
  3 kobolds
  2 quokkas (D:2)
  2 bats (D:2)
  4 frilled lizards
  5 rats
36 creatures vanquished.

Vanquished Creatures (others)
  68 foxfires
68 creatures vanquished.

Grand Total: 104 creatures vanquished

Notes
Turn   | Place    | Note
-------+----------+-------------------------------------------
     0 | D:1      | Smaepdii the Gargoyle Fire Elementalist began the quest for
                  | the Orb.
     0 | D:1      | Reached XP level 1. HP: 10/10 MP: 3/3
    22 | D:1      | Found a faded altar of an unknown god.
   474 | D:1      | Reached XP level 2. HP: 15/15 MP: 3/5
   838 | D:1      | Found Baesojing's Antique Weapon Shoppe.
  1254 | D:1      | Reached XP level 3. HP: 19/19 MP: 6/6
  1715 | D:2      | Noticed a black bear
  1913 | D:2      | Slain by a black bear

Illustrated notes

Levels and vault maps discovered:
D:1:      minmay_arrival_four_houses, layout_loops_ring, serial_shops, shop,
          basic_ecumenical_altar, minmay_quantized
D:2:      layout_basic

Skill      XL: |  1  2 |
---------------+-------+-----
Conjurations   | 2 |  2.8
Dodging        | |  1.5
Stealth        | |  2.1
Spellcasting   | |  2.0
Fire Magic     | |  3.8

Action                   || total
-------------------------++-------
Melee: War axe           ||    29
       Long sword        ||     8
 Cast: Foxfire           ||    46
 Stab: Sleeping          ||     2
Armor: Robe              ||    18
Dodge: Dodged            ||    28
       Rpst.: Long sword ||     4

Table legend: (Time is in decaauts)
 A = Elapsed time spent in this place.
 B = Non-inter-level travel time spent in this place.
 C = Inter-level travel time spent in this place.
 D = Time resting spent in this place.
 E = Time spent auto-exploring this place.
 F = Levels seen in this place.
 G = Mean time per level.
                   A        B        C        D        E       F      G
               +--------+--------+--------+--------+--------+-----+--------+
         Total |   1929 |   1901 |     28 |    587 |    872 |   2 |  964.5 |
       Dungeon |   1929 |   1901 |     28 |    587 |    872 |   2 |  964.5 |
               +--------+--------+--------+--------+--------+-----+--------+

Top non-repeatable levels by time:
     D:1: 1377 daAuts
     D:2: 551 daAuts
